 Dungeon Crawl Stone Soup version 0.25.1-2-g60ff931df9 (webtiles) character file.

Game seed: 14264366870341497446

70 Araneus the Sneak (level 4, -6/29 HPs)
             Began as an Octopode Assassin on Aug 25, 2020.
             Mangled by a gnoll
             ... wielding a +0 halberd
              (12 damage)
             ... on level 2 of the Dungeon.
             The game lasted 00:04:32 (1794 turns).

Araneus the Sneak (Octopode Assassin)               Turns: 1794, Time: 00:04:33

Health: -6/29      AC:  1    Str: 10    XL:     4   Next: 21%
Magic:  4/4        EV: 13    Int: 13    God:
Gold:   134        SH:  0    Dex: 14    Spells: 3/3 levels left

rFire    . . .     SeeInvis .   a - +2 dagger
rCold    . . .     Gourm    .   (no shield)
rNeg     . . .     Faith    .   (helmet restricted)
rPois    .         Spirit   .   (no amulet)
rElec    .         Reflect  .   (no ring)
rCorr    .         Harm     .   (no ring)
MR       .....                  (no ring)
Stlth    ++++......             (no ring)
HPRegen  0.09/turn              (no ring)
MPRegen  0.09/turn              (no ring)
                                (no ring)
                                (no ring)

@: no status effects
A: almost no armour, stealthy swim, amphibious, 8 rings, constrict 8, camouflage
1, gelatinous body 1
a: no special abilities


You were on level 2 of the Dungeon.
You were hungry.

You visited 1 branch of the dungeon, and saw 2 of its levels.

You collected 134 gold pieces.

Inventory:

Hand Weapons
 a - a +2 dagger (weapon)
Missiles
 b - 8 poisoned darts (quivered)
 c - 2 curare-tipped darts
Jewellery
 i - a cursed -4 ring of dexterity {unknown}
Scrolls
 f - a scroll of amnesia {unknown}
 g - a scroll of fog {unknown}
 j - 3 scrolls of identify {unknown}
 l - a scroll of teleportation {unknown}
 n - a scroll of immolation {unknown}
 o - 3 scrolls of remove curse {unknown}
Potions
 e - a potion of heal wounds {unknown}
 h - a potion of curing {unknown}
 k - a potion of lignification {unknown}
 m - a potion of stabbing {unknown}
 p - a potion of haste {unknown}
 q - a potion of flight {unknown}
Comestibles
 d - 5 rations


   Skills:
 - Level 2.0 Fighting
 * Level 3.2 Short Blades
 - Level 2.0 Throwing
 - Level 1.0 Dodging
 + Level 6.8 Stealth


You had 3 spell levels left.
You didn't know any spells.
Your spell library was empty.

Dungeon Overview and Level Annotations

Branches:
Dungeon (2/15)

Altars:


Innate Abilities, Weirdness & Mutations

You cannot wear most types of armour.
You are very stealthy in the water. (Stealth+)
You are amphibious.
You can wear up to eight rings at the same time.
You can use your tentacles to constrict eight enemies at once.
Your skin changes colour to match your surroundings (Stealth+).
Your rubbery body absorbs attacks. (AC +1, EV +1)


Message History

You hit the giant cockroach.
You kill the giant cockroach!
p - a glowing purple potion 2 gnolls come into view.
A gnoll is wielding a +3 vorpal spear.
A gnoll comes into view.
The helpless gnoll fails to defend itself.
You impale the gnoll!!
You kill the gnoll!
The gnoll shouts!
You hear a shout!
The gnoll hits you from afar with a +0 spear.
The gnoll throws a throwing net.
The throwing net barely misses you.
You see here a throwing net.
The gnoll hits you from afar with a +0 spear!
A gnoll comes into view. It is wielding a +0 halberd.
The gnoll misses you. The gnoll hits you with a +0 spear.
You hit the gnoll but do no damage. Your grab misses the gnoll.
Your squeeze misses the gnoll. The gnoll hits you with a +0 spear!
* * * LOW HITPOINT WARNING * * *
The gnoll hits you from afar with a +0 halberd!
You die...

## ###### #.. ....#
######.#. #.#.# ##
#...gg...
#.#.#####. #.##g#
#.###.........
#.##@#
#.....#.#####.
####<##.# #.......#
##
#......(#.#.#...#.#
#
#.##.####.........#
#
#.........#.##.####
# #.##>.......##.#
# #.#######.####'##
#.....# #.###...##
#.###.###.##.....##
#


You could see 3 gnolls.

Vanquished Creatures
  A gnoll (D:2)
  2 adders (D:2)
  A dart slug (D:2)
  7 bats
  5 giant cockroaches
  8 goblins
  4 hobgoblins
  A jackal (D:2)
  3 kobolds
  4 rats
36 creatures vanquished.

Notes
Turn   | Place    | Note
-------+----------+-------------------------------------------
     0 | D:1      | Araneus the Octopode Assassin began the quest for the Orb.
     0 | D:1      | Reached XP level 1. HP: 14/14 MP: 1/1
   223 | D:1      | Reached XP level 2. HP: 12/19 MP: 2/2
   616 | D:1      | Reached skill level 6 in Stealth
   801 | D:2      | Reached XP level 3. HP: 24/24 MP: 3/3
  1397 | D:2      | Reached XP level 4. HP: 29/29 MP: 4/4
  1794 | D:2      | Mangled by a gnoll

Illustrated notes

Levels and vault maps discovered:
D:1:      scummos_arrival_checkerplants, layout_rooms, serial_bayou_pond_e
D:2:      minmay_skewed_foursquare, layout_loops_corners

Skill      XL: |  1  2  3 |
---------------+----------+-----
Stealth        | 6 |  6.8
Short Blades   | 3 |  3.2
Fighting       | |  2.0
Throwing       | |  2.0
Dodging        | |  1.0

Action                   |  1- 3 |  4- 6 || total
-------------------------+-------+-------++-------
Melee: Dagger            |    64 |     7 ||    71
       Constrict         |    15 |     1 ||    16
       Tentacles         |     7 |       ||     7
 Stab: Sleeping          |     8 |     1 ||     9
  Eat: Chunk             |     1 |     1 ||     2
Armor: Skin              |    10 |     1 ||    11
Dodge: Dodged            |    51 |     5 ||    56
